 Dungeon Crawl Stone Soup version 0.31-a0-329-g52107efa6a (webtiles) character file.

Game seed: 774658384485833605

289 BritishOli the Trooper (level 6, 0/48 HPs)
             Began as a Demonspawn Fighter on July 19, 2023.
             Slain by an iguana (5 damage)
             ... on level 4 of the Dungeon.
             The game lasted 00:02:23 (2336 turns).

BritishOli the Trooper (Demonspawn Fighter)         Turns: 2336, Time: 00:02:24

Health: 0/48       AC:  9    Str: 19    XL:     6   Next: 9%
Magic:  6/6        EV:  9    Int:  9    God:
Gold:   129        SH:  5    Dex: 12    Spells: 5/5 levels left

rFire   . . .        a - +0 long sword
rCold   . . .        c - +0 buckler
rNeg    . . .        b - +0 scale mail
rPois   .            (no helmet)
rElec   .            (no cloak)
rCorr   .            (no gloves)
SInv    .            n - +0 pair of boots
Will    .....        (no amulet) Stlth
                     (no ring)
HPRegen 0.28/turn    (no ring)
MPRegen 0.10/turn

%: no passive effects
@: no status effects
A: ignite blood 1, powered by pain 1, sharp scales 1
a: no special abilities


You were on level 4 of the Dungeon.
You visited 1 branch of the dungeon, and saw 4 of its levels.

You collected 129 gold pieces.

Inventory:

Hand Weapons
 a - a +0 long sword (weapon)
Armour
 b - a +0 scale mail (worn)
 c - a +0 buckler (worn)
 n - a +0 pair of boots (worn)
 r - a +0 cloak
Wands
 p - a wand of flame (22)
Scrolls
 e - 4 scrolls of identify {unknown}
 f - a scroll of noise {unknown}
 i - 2 scrolls of teleportation {unknown}
 l - a scroll of amnesia {unknown}
 o - a scroll of enchant armour {unknown}
 q - a scroll of blinking {unknown}
 s - 2 scrolls of fog {unknown}
 u - a scroll of immolation {unknown}
Potions
 d - 3 potions of might
 g - a potion of berserk rage {unknown}
 h - a potion of curing {unknown}
 j - 2 potions of mutation {unknown}
 k - a potion of lignification {unknown}
 m - a potion of invisibility {unknown}
 t - a potion of heal wounds {unknown}


   Skills:
 + Level 4.3 Fighting
 + Level 3.2 Long Blades
 + Level 3.8 Armour
 + Level 3.9 Shields


You had 5 spell levels left.
You didn't know any spells.
Your spell library was empty.

Dungeon Overview and Level Annotations

Branches:
Dungeon (4/15)
 Temple: D:4-7

Altars:
Xom


Innate Abilities, Weirdness & Mutations

Your demonic aura sometimes causes spilled blood to erupt in flames.
You sometimes gain a little power by taking damage.
You are partially covered in razor-sharp scales. (AC +1, Slay +1)


Message History

The scorpion stings you but does no damage.
You hit the scorpion.
You kill the scorpion!
You feel sick. The endoplasm freezes you.
You are frozen.
* * * LOW HITPOINT WARNING * * *
You have reached level 6!
Your demonic ancestry asserts itself...
You feel energised by your suffering.
You slash the endoplasm!
You kill the endoplasm!
You feel sick.
You feel sick.
You see here a scorpion corpse.
You feel sick.
You start resting.
You feel sick. x2
You are no longer poisoned.
You start resting.
An iguana comes into view.
An iguana is nearby!
You are too injured to fight recklessly!
An orc comes into view. It is wielding a +0 dagger.
You see here a +0 leather armour.
A black bear comes into view.
The black bear growls angrily.
The orc throws a boomerang.
The boomerang hits you but does no damage.
The orc throws a boomerang.
The boomerang hits you.
* * * LOW HITPOINT WARNING * * *
You block the iguana's attack.
An orc comes into view. It is wielding a +0 short sword.
The orc shouts!
The iguana bites you but does no damage.
An ogre comes into view. It is wielding a +0 giant spiked club.
You hit the iguana.
The iguana is lightly wounded.
An orc comes into view. It is wielding a +0 whip.
The iguana bites you.
You die...

#.#.##.#.#.#.######
#.#.##.#.#.#.#
#.#.##.#.#.#†######
..................#
..................#
............[......#
.................#
.......l..........
.......@..........
......h...........
..................
...............o.
.................
............o.o.
...O............
..............o


You could see a black bear, an ogre, an iguana and 3 orcs.

Vanquished Creatures
  A scorpion (D:4)
  An orc priest (D:3)
  Jessica (D:2)
  Terence (D:2)
  An iguana (D:3)
  Robin (D:2)
  3 adders
  A worm (D:3)
  4 orcs (D:3)
  6 bats
  7 endoplasms
  A giant cockroach (D:1)
  19 goblins
  3 hobgoblins
  10 kobolds
  4 quokkas
  4 ball pythons
  4 frilled lizards
  4 rats
76 creatures vanquished.

Notes
Turn   | Place    | Note
-------+----------+-------------------------------------------
     0 | D:1      | BritishOli the Demonspawn Fighter began the quest for the
                  | Orb.
     0 | D:1      | Reached XP level 1. HP: 18/18 MP: 1/1
   127 | D:1      | Gained mutation: Your demonic aura sometimes causes spilled
                  | blood to erupt in flames. [demonic ancestry]
   127 | D:1      | Reached XP level 2. HP: 24/24 MP: 2/2
   590 | D:2      | Reached XP level 3. HP: 23/29 MP: 3/3
   612 | D:2      | Noticed Robin
   625 | D:2      | Killed Robin
  1015 | D:2      | Noticed Jessica
  1023 | D:2      | Gained mutation: You are partially covered in razor-sharp
                  | scales. (AC +1, Slay +1) [demonic ancestry]
  1023 | D:2      | Reached XP level 4. HP: 24/36 MP: 4/4
  1031 | D:2      | Killed Jessica
  1353 | D:2      | Noticed Terence
  1358 | D:2      | Killed Terence
  1494 | D:3      | Reached XP level 5. HP: 19/42 MP: 5/5
  1601 | D:3      | Reached skill level 4 in Fighting
  1702 | D:3      | Found a faded altar of an unknown god.
  1967 | D:3      | Found a shimmering altar of Xom.
  2319 | D:4      | Gained mutation: You sometimes gain a little power by
                  | taking damage. [demonic ancestry]
  2319 | D:4      | Reached XP level 6. HP: 6/48 MP: 6/6
  2336 | D:4      | Slain by an iguana

Illustrated notes

Levels and vault maps discovered:
D:1:      psy_arrival_spokes, layout_basic
D:2:      layout_basic, uniq_terence, uniq_jessica, uniq_robin
D:3:      layout_rooms, mainiacjoe_overflow_24_doors,
          ebering_ecumenical_altar_hall, grunt_decor_fettered
D:4:      layout_basic, mainiacjoe_overflow_six_doors_small

Skill      XL: |  1  2  3  4  5 |
---------------+----------------+-----
Long Blades    | 2 3 |  3.2
Armour         | 3 |  3.8
Shields        | 3 |  3.9
Fighting       | 4 |  4.3

Action                     |  1- 3 |  4- 6 || total
---------------------------+-------+-------++-------
  Melee: Long sword        |   148 |    92 ||   240
 Armour: Scale mail        |    77 |    42 ||   119
  Dodge: Dodged            |    73 |    42 ||   115
  Block: Buckler           |    24 |    15 ||    39

Table legend: (Time is in decaauts)
 A = Elapsed time spent in this place.
 B = Non-inter-level travel time spent in this place.
 C = Inter-level travel time spent in this place.
 D = Time resting spent in this place.
 E = Time spent auto-exploring this place.
 F = Levels seen in this place.
 G = Mean time per level.
                   A        B        C        D        E       F      G
               +--------+--------+--------+--------+--------+-----+--------+
         Total |   2410 |   2255 |    155 |      9 |   1705 |   4 |  602.5 |
       Dungeon |   2410 |   2255 |    155 |      9 |   1705 |   4 |  602.5 |
               +--------+--------+--------+--------+--------+-----+--------+

Top non-repeatable levels by time:
     D:2: 923 daAuts
     D:3: 811 daAuts
     D:1: 591 daAuts
     D:4: 84 daAuts
